 Dungeon Crawl Stone Soup version 0.19-a0-1704-gbd66c22 (webtiles) character file.

368 rgaf the Covert (level 6, -6/28 HPs)
             Began as a Spriggan Enchanter on Sept 27, 2016.
             Was an Initiate of Ashenzari.
             Mangled by a mummy (16 damage)
             ... in an ossuary.
             The game lasted 00:06:34 (4666 turns).

rgaf the Covert (Spriggan Enchanter)                Turns: 4666, Time: 00:06:35

Health: -6/28      AC:  5    Str:  4    XL:     6   Next: 41%
Magic:  12/12      EV: 18    Int: 19    God:    Ashenzari [......]
Gold:   231        SH:  0    Dex: 16    Spells: 3 memorised, 5 levels left

rFire  . . .     SeeInvis +     a - +3 dagger (venom)
rCold  . . .     Gourm    .     b - +2 robe
rNeg   . . .     Faith    .     (shield restricted)
rPois  .         Spirit   .     (helmet restricted)
rElec  .         Dismiss  .     (no cloak)
rCorr  .         Reflect  .     (gloves unavailable)
MR     +....     Harm     .     (boots unavailable)
Stlth  +++++.....               (no amulet)
                                (no ring)
                                (no ring)

@: very quick
A: unfitting armour, see invisible, herbivore 3, speed 3, slow metabolism 2
a: Curse Item, Renounce Religion


You were in an ossuary.
You worshipped Ashenzari.
Ashenzari was noncommittal.
You were hungry.

You visited 1 branch of the dungeon, and saw 5 of its levels.
You also visited: Ossuary.

You collected 231 gold pieces.

Inventory:

Hand Weapons
 a - a +3 dagger of venom (weapon)
 f - a +1 dagger
 t - a +1 dagger of venom
Armour
 b - a +2 robe (worn)
Wands
 s - a wand of paralysis (24/24)
Scrolls
 e - 3 scrolls of enchant weapon {unknown}
 j - a scroll of random uselessness {unknown}
 k - 2 scrolls of remove curse
 p - a scroll of enchant armour
 q - a scroll of fog {unknown}
 r - a scroll of identify
Potions
 h - 2 potions of heal wounds
 i - 5 potions of resistance {unknown}
 l - 2 potions of curing {unknown}
 m - a potion of magic {unknown}
 u - 2 potions of lignification {unknown}
Books
 c - a book of Maledictions

   Spells                             Type                      Level
   a - Corona                         Hexes                        1
   b - Ensorcelled Hibernation        Hexes/Ice                    2
   c - Confuse                        Hexes                        3
   d - Tukima's Dance                 Hexes                        3
   e - Dazzling Spray                 Conjuration/Hexes            3
Comestibles
 d - 2 bread rations
 n - a slice of pizza
 o - a fruit


   Skills:
 * Level 2.5 Short Blades
 - Level 3.0 Dodging
 - Level 10.1 Stealth
 * Level 3.4 Spellcasting
 + Level 3.8 Hexes


You had 5 spell levels left.
You knew the following spells:

 Your Spells              Type           Power        Failure   Level  Hunger
a - Corona                Hex            ###....      3%          1    None
b - Ensorcelled Hibernat  Hex/Ice        ##....       12%         2    ##.....
c - Confuse               Hex            ###.....     12%         3    ###....


Dungeon Overview and Level Annotations

Branches:
Dungeon (5/15)
 Temple: D:4-7

Altars:
Ashenzari
Dithmenos
Qazlal
The Shining One


Innate Abilities, Weirdness & Mutations

You are very small and have problems with some larger weapons.
You are too small for most types of armour.
You have supernaturally acute eyesight. (SInv)
You are a herbivore.
You cover ground extremely quickly.
You need consume almost no food.


Message History

The mummy barely misses you. The gnoll zombie completely misses you.
You hit the mummy but do no damage.
The mummy is lightly damaged.
You hit the mummy but do no damage.
The mummy is lightly damaged.
The mummy hits you! The gnoll zombie barely misses you.
You hit the mummy.
The mummy is moderately damaged.
The gnoll zombie hits you. The mummy hits you. The gnoll zombie hits you.
You hit the gnoll zombie.
The gnoll zombie is lightly damaged.
You hit the gnoll zombie.
The gnoll zombie is moderately damaged.
The gnoll zombie completely misses you.
You hit the mummy but do no damage.
The mummy is moderately damaged.
The gnoll zombie completely misses you. The mummy hits you!
Ouch! That really hurt!
You die...

........
......
#....#
#....#
#....#
#....#
#....#
#ZZM.#
#.@..#
#....#
#.∩∩.#
######


You could see a mummy, a gnoll zombie and a big kobold zombie.

Vanquished Creatures
  A water moccasin skeleton (D:4)
  A crimson imp (D:4)
  An orc priest (D:4)
  An orc wizard (D:4)
  Jessica (D:2)
  2 worker ants (D:4)
  A hound skeleton (D:4)
  5 adders
  An ooze (D:3)
  An adder skeleton (D:4)
  2 worms
  A dart slug (D:2)
  A leopard gecko (D:3)
  9 orcs
  7 bats
  4 giant cockroaches
  A gnoll zombie (Ossuary)
  7 hobgoblins
  8 jackals
  A quokka (D:4)
  6 frilled lizards
  7 goblins
  A hobgoblin zombie (Ossuary)
  6 kobolds
  A kobold zombie (Ossuary)
  5 rats (D:1)
82 creatures vanquished.

Notes
Turn   | Place    | Note
-------+----------+-------------------------------------------
     0 | D:1      | rgaf the Spriggan Enchanter began the quest for the Orb.
     0 | D:1      | Reached XP level 1. HP: 9/9 MP: 5/5
    95 | D:1      | Reached skill level 5 in Stealth
   354 | D:1      | Reached XP level 2. HP: 5/13 MP: 6/6
  1166 | D:1      | Reached skill level 6 in Stealth
  1386 | D:2      | Reached XP level 3. HP: 16/16 MP: 8/8
  1455 | D:2      | Noticed Jessica
  1458 | D:2      | Killed Jessica
  1458 | D:2      | Reached skill level 7 in Stealth
  1818 | D:2      | Found a glowing golden altar of the Shining One.
  1899 | D:2      | Reached XP level 4. HP: 21/21 MP: 9/9
  2142 | D:2      | Found a shadowy altar of Dithmenos.
  2244 | D:2      | Reached skill level 8 in Stealth
  3079 | D:4      | Reached skill level 9 in Stealth
  3079 | D:4      | Reached XP level 5. HP: 24/24 MP: 10/10
  3285 | D:4      | Reached skill level 10 in Stealth
  3319 | D:4      | Found a stormy altar of Qazlal.
  3632 | D:4      | Reached XP level 6. HP: 28/28 MP: 11/11
  3636 | D:4      | Learned a level 2 spell: Ensorcelled Hibernation
  4560 | D:5      | Entered Level 5 of the Dungeon
  4565 | D:5      | Learned a level 3 spell: Confuse
  4576 | D:5      | Found a shattered altar of Ashenzari.
  4596 | D:5      | Became a worshipper of Ashenzari the Shackled
  4610 | D:5      | Found a sand-covered staircase.
  4619 | Ossuary  | Entered an ossuary
  4666 | Ossuary  | Mangled by a mummy

Vault maps used:
D:1:      dpeg_arrival_simpleton_b
D:2:      nicolae_overflow_hidden_temple,
          nicolae_dithmenos_through_a_glass_darkly, uniq_jessica
D:3:      first_bread
D:4:      nicolae_qazlal_general_emergency
D:5:      kennysheep_mini_moat, cheibrodos_ashenzari_chains, enter_ossuary_3
Ossuary:  ossuary_tomb_3

Skill      XL: |  1  2  3  4  5  6 |
---------------+-------------------+-----
Stealth        | 5 6 7 9 10 | 10.1
Spellcasting   | 3 |  3.4
Short Blades   | 2 |  2.5
Dodging        | |  3.0
Hexes          | |  3.8

Action                   |  1- 3 |  4- 6 || total
-------------------------+-------+-------++-------
Melee: Dagger            |   117 |   238 ||   355
  Use: Scroll            |     4 |     1 ||     5
 Stab: Sleeping          |    10 |    17 ||    27
       Distracted        |     2 |       ||     2
  Eat: Fruit             |       |     1 ||     1
Armor: Robe              |     9 |    31 ||    40
Dodge: Dodged            |    61 |   144 ||   205
